 Dungeon Crawl Stone Soup version 0.22.0-60-ga52c2fcf6e (webtiles) character file.

16157 Erymatos the Severer (level 12, -8/108 HPs)
             Began as a Minotaur Berserker on Sept 11, 2018.
             Was an Elder of Trog.
             Mangled by a gargoyle
             ... wielding a +0 morningstar
              (13 damage)
             ... on level 13 of the Dungeon.
             The game lasted 00:26:57 (9428 turns).

Erymatos the Severer (Minotaur Berserker)           Turns: 9428, Time: 00:26:58

Health: -8/108     AC: 12    Str: 25    XL:     12   Next: 7%
Magic:  1/11       EV: 17    Int:  4    God:    Trog [****..]
Gold:   475        SH:  9    Dex: 12    Spells: 11/11 levels left

rFire    . . .     SeeInvis .   g - +1 war axe (drain)
rCold    . . .     Gourm    .   I - +3 warlock's mirror {reflect}
rNeg     . . .     Faith    .   j - +0 ring mail
rPois    +         Spirit   .   (helmet restricted)
rElec    .         Reflect  +   A - +1 cloak
rCorr    .         Harm     .   C - +0 pair of gloves
MR       .....                  p - +0 pair of boots
Stlth    +.........             (no amulet)
HPRegen  0.28/turn              y - +3 ring of evasion
MPRegen  0.12/turn              v - ring of poison resistance

@: berserk cooldown, slowed, very slow
A: retaliatory headbutt, horns 2
a: Berserk, Trog's Hand, Brothers in Arms, Renounce Religion


You were on level 13 of the Dungeon.
You worshipped Trog.
Trog was greatly pleased with you.
You were near starving.

You visited 1 branch of the dungeon, and saw 12 of its levels.
You visited the Abyss 1 time.

You collected 811 gold pieces.
You spent 336 gold pieces at shops.

Inventory:

Hand Weapons
 g - a +1 war axe of draining (weapon)
Armour
 b - a +2 shield of protection
 j - a +0 ring mail (worn)
 p - a +0 pair of boots (worn)
 A - a +1 cloak (worn)
 C - a +0 pair of gloves (worn)
 I - the +3 warlock's mirror (worn) {reflect}
   (You found it on level 12 of the Dungeon)
Jewellery
 e - an uncursed ring of see invisible
 v - a ring of poison resistance (right hand)
 y - a +3 ring of evasion (left hand)
 z - an uncursed ring of protection from fire
 J - an uncursed ring of protection from fire
Wands
 E - a wand of disintegration (3)
 F - a wand of digging (14)
Scrolls
 a - 3 scrolls of magic mapping {unknown}
 d - 11 scrolls of identify
 f - 5 scrolls of remove curse
 k - 4 scrolls of enchant weapon {unknown}
 m - a scroll of noise {unknown}
 o - a scroll of random uselessness {unknown}
 q - 2 scrolls of fear {unknown}
 t - 5 scrolls of teleportation {unknown}
 u - 2 scrolls of fog {unknown}
 w - a scroll of enchant armour {unknown}
 D - 3 scrolls of summoning {unknown}
 G - a scroll of acquirement {unknown}
 H - 2 scrolls of brand weapon {unknown}
 K - a scroll of amnesia {unknown}
Potions
 h - a potion of flight {unknown}
 i - 7 potions of curing {unknown}
 l - a potion of lignification {unknown}
 n - 2 potions of mutation {unknown}
 r - a potion of heal wounds {unknown}
 s - 2 potions of haste {unknown}
 x - a potion of berserk rage {unknown}
 B - a potion of might {unknown}
 L - a potion of brilliance {unknown}
Comestibles
 c - 14 rations


   Skills:
 + Level 10.7 Fighting
 + Level 15.4 Axes
 + Level 9.2 Armour
 + Level 6.8 Dodging
 - Level 0.1 Stealth
 + Level 9.1 Shields


You had 11 spell levels left.
You didn't know any spells.
Your spell library was empty.

Dungeon Overview and Level Annotations

Branches:
Dungeon (13/15)            Temple (0/1) D:6          Vaults (0/5) D:13
   Lair: D:8-11         Orc: D:9-12

Altars:
Ashenzari
Gozag
Qazlal
Uskayaw
Vehumet
Wu Jian
Yredelemnul
Zin
The Shining One

Shops:
D:5 *((=(   D:6 [   D:8 [(([


Innate Abilities, Weirdness & Mutations

You reflexively headbutt those who attack you in melee.
You have a pair of horns on your head.


Message History

You hit the gargoyle.
The gargoyle is almost destroyed.
You block the gargoyle's attack.
Unknown command.
You barely miss the gargoyle.
You headbutt the gargoyle, but do no damage.
The gargoyle is almost destroyed.
You block the gargoyle's attack. The eye of draining gazes at you.
You feel your power leaking away.
Unknown command.
You are near starving!
You hit the gargoyle but do no damage.
You headbutt the gargoyle, but do no damage.
The gargoyle is almost destroyed.
The gargoyle closely misses you.
You closely miss the gargoyle. Your headbutt misses the gargoyle.
The gargoyle is almost destroyed.
The gargoyle hits you with a morningstar!
You die...

#..........#
#..........#
#####..........#
#..............#
########[###...[#######
................#
#.......##.........
##.....####........
##.)@## ##.......#
##9## #.......# ..G
........# #.#..
........# # ... ..#####
...∩ #.... #.#..


You could see an eye of draining and a gargoyle.

Vanquished Creatures
  A vault guard (D:13)
  6 wizards (D:12)
  A wolf spider zombie (D:13)
  Pikel (D:4)
  An ugly thing (D:12)
  Joseph (D:7)
  3 kobold demonologists (D:12)
  An efreet (D:10)
  2 meliai (D:13)
  A merfolk (D:9)
  A troll (D:13)
  3 slime creatures (D:10)
  Prince Ribbit (D:6)
  2 hippogriffs
  A wraith (D:12)
  A shadow (D:10)
  A wyvern (D:12)
  Sigmund (D:5)
  4 yaks (D:12)
  A soldier ant (D:13)
  An acid dragon (D:12)
  2 water moccasins
  Duvessa (D:6)
  An orc warrior (D:13)
  3 ice beasts
  A slave (D:4)
  A phantom (D:9)
  3 sky beasts
  2 necrophages
  3 ogres
  A black bear (D:8)
  A big kobold (D:12)
  10 bullfrogs
  A gnoll sergeant (D:6)
  Dowan (D:6)
  A wyvern skeleton (D:9)
  2 scorpions
  3 wights (D:13)
  2 howler monkeys (D:9)
  A centaur zombie (D:8)
  4 crimson imps
  6 hounds
  2 orc priests (D:5)
  5 centaur skeletons
  2 jellies
  Crazy Yiuf (D:6)
  3 bullfrog skeletons
  2 iguanas
  2 orc wizards
  9 worker ants
  3 hound skeletons
  11 gnolls
  9 adders
  2 shadow imps (D:5)
  3 adder zombies
  3 adder skeletons
  2 worms
  4 leopard geckos
  19 orcs
  A ball python (D:6)
  5 bats
  5 giant cockroaches
  5 goblins
  5 hobgoblins (D:1)
  8 jackals (D:4)
  4 quokkas
  A ball python skeleton (D:4)
  4 frilled lizards
  A giant cockroach zombie (D:5)
  13 kobolds
  A leopard gecko skeleton (D:4)
  A leopard gecko zombie (D:8)
  A quokka zombie (D:7)
  5 rats
227 creatures vanquished.

Vanquished Creatures (collateral kills)
  3 vault guards (D:13)
  A manticore (D:13)
  A meliai (D:13)
  A hungry ghost (D:13)
  A centaur (D:13)
  A bullfrog (D:13)
  2 kobolds (D:12)
10 creatures vanquished.

Grand Total: 237 creatures vanquished

Notes
Turn   | Place    | Note
-------+----------+-------------------------------------------
     0 | D:1      | Erymatos the Minotaur Berserker began the quest for the
                  | Orb.
     0 | D:1      | Reached XP level 1. HP: 19/19 MP: 0/0
    37 | D:1      | Reached skill level 4 in Axes
    37 | D:1      | Reached XP level 2. HP: 26/27 MP: 1/1
   562 | D:2      | Reached ** piety under Trog
   660 | D:2      | Reached XP level 3. HP: 33/33 MP: 2/2
  1001 | D:3      | Reached XP level 4. HP: 41/41 MP: 3/3
  1118 | D:3      | Found a stormy altar of Qazlal.
  1154 | D:3      | Reached skill level 5 in Axes
  1363 | D:3      | Reached XP level 5. HP: 34/47 MP: 4/4
  1771 | D:3      | Found a hide-covered altar of Uskayaw.
  1944 | D:4      | Found a sand-covered staircase.
  2010 | D:4      | Noticed a slave
  2010 | D:4      | Noticed a slave
  2011 | D:4      | Noticed Pikel
  2011 | D:4      | Noticed a slave
  2012 | D:4      | Noticed a slave
  2022 | D:4      | Killed Pikel
  2022 | D:4      | Reached skill level 5 in Fighting
  2022 | D:4      | Reached skill level 7 in Axes
  2022 | D:4      | Reached skill level 5 in Armour
  2022 | D:4      | Reached skill level 1 in Shields
  2022 | D:4      | Reached XP level 6. HP: 52/56 MP: 5/5
  2022 | D:4      | Reached XP level 7. HP: 56/61 MP: 6/6
  2241 | D:4      | Reached *** piety under Trog
  2481 | D:4      | Found a glowing golden altar of the Shining One.
  2486 | D:4      | Found a basalt altar of Yredelemnul.
  2488 | D:4      | Noticed a profane servitor
  2684 | D:4      | Noticed an angel
  2707 | D:5      | Entered Level 5 of the Dungeon
  2731 | D:5      | Reached skill level 8 in Axes
  2810 | D:5      | Reached XP level 8. HP: 46/70 MP: 7/7
  2978 | D:5      | Noticed Sigmund
  2986 | D:5      | Killed Sigmund
  3051 | D:5      | Found Damo's General Store.
  3060 | D:5      | Reached skill level 9 in Axes
  3243 | D:5      | Found Seammawi's Weapon Shop.
  3416 | D:5      | Found Feamyil's Jewellery Shoppe.
  3478 | D:5      | Found Gehoschuxio's Weapon Emporium.
  3538 | D:5      | Found Igyeghig's Antique Weapon Boutique.
  3578 | D:5      | Found a glowing silver altar of Zin.
  3578 | D:5      | Noticed an angel
  3714 | D:6      | Reached skill level 10 in Axes
  3994 | D:6      | Reached **** piety under Trog
  4058 | D:6      | Found a runed door.
  4098 | D:6      | Noticed Crazy Yiuf
  4104 | D:6      | Killed Crazy Yiuf
  4206 | D:6      | Noticed Duvessa
  4219 | D:6      | Killed Duvessa
  4219 | D:6      | Reached XP level 9. HP: 77/78 MP: 8/8
  4221 | D:6      | Noticed Dowan
  4229 | D:6      | Killed Dowan
  4287 | D:6      | Found a staircase to the Ecumenical Temple.
  4340 | D:6      | Noticed Prince Ribbit
  4363 | D:6      | Killed Prince Ribbit
  4363 | D:6      | Reached skill level 11 in Axes
  4388 | D:6      | Found Vup Wong's Antique Armour Boutique.
  4402 | D:6      | Bought a pair of gloves for 76 gold pieces
  4411 | D:6      | Bought a shiny shield for 127 gold pieces
  4614 | D:5      | Bought a +1 war axe of draining for 133 gold pieces
  4683 | D:7      | Noticed Joseph
  4690 | D:7      | Killed Joseph
  4748 | D:7      | Found a shattered altar of Ashenzari.
  5487 | D:8      | Found a radiant altar of Vehumet.
  5501 | D:8      | Reached skill level 12 in Axes
  5524 | D:8      | Found Caxtomuw's Antique Armour Shoppe.
  5548 | D:8      | Reached XP level 10. HP: 79/88 MP: 9/9
  5572 | D:8      | Found Dojepp's Weapon Shop.
  5578 | D:8      | Found Wualiaro's Antique Armour Shoppe.
  5592 | D:8      | Found Ulaonur's Weapon Shoppe.
  5675 | D:8      | Reached ***** piety under Trog
  5677 | D:8      | Got a scorched helmet
  5678 | D:8      | Identified the +2 helmet of Benevolence {rCorr Int+6} (You
                  | found it on level 8 of the Dungeon)
  5880 | D:8      | Reached skill level 5 in Shields
  6049 | D:8      | Reached skill level 5 in Dodging
  6407 | D:9      | Found an opulent altar of Gozag.
  6554 | D:9      | Found an ornate altar of the Wu Jian Council.
  7205 | D:10     | Entered Level 10 of the Dungeon
  7807 | D:10     | Reached skill level 13 in Axes
  7953 | D:10     | You fall through a shaft for 2 floors!
  7968 | D:12     | Noticed a wizard
  7974 | D:12     | Killed a wizard
  8088 | D:12     | Noticed a wizard
  8098 | D:12     | Killed a wizard
  8237 | D:12     | Reached XP level 11. HP: 91/97 MP: 10/10
  8660 | D:12     | Reached skill level 14 in Axes
  8746 | D:12     | Noticed a purple ugly thing
  8757 | D:12     | Killed a purple ugly thing
  8762 | D:12     | Noticed a wizard
  8775 | D:12     | Killed a wizard
  8808 | D:12     | Noticed a wizard
  8814 | D:12     | Cast into level 2 of the Abyss (a wizard)
  8835 | D:12     | Escaped the Abyss
  8837 | D:12     | Found the +3 warlock's mirror {reflect}
  8839 | D:12     | Killed a wizard
  8884 | D:12     | Noticed a wizard
  8884 | D:12     | Noticed a wizard
  8892 | D:12     | Killed a wizard
  8895 | D:12     | Killed a wizard
  8895 | D:12     | Reached skill level 10 in Fighting
  9370 | D:13     | Found a gate to the Vaults.
  9370 | D:13     | Noticed a vault guard
  9370 | D:13     | Noticed a vault guard
  9370 | D:13     | Noticed a vault guard
  9370 | D:13     | Noticed a vault guard
  9383 | D:13     | Killed a vault guard
  9386 | D:13     | Reached skill level 15 in Axes
  9406 | D:13     | Killed a vault guard
  9407 | D:13     | Killed a vault guard
  9408 | D:13     | Killed a vault guard
  9408 | D:13     | Reached XP level 12. HP: 50/108 MP: 2/11
  9422 | D:13     | HP: 3/108 [gargoyle/stone arrow (17)]
  9428 | D:13     | Mangled by a gargoyle

Skill      XL: |  1  2  3  4  5  6  7  8  9 10 11 |
---------------+----------------------------------+-----
Axes           | 4 5 7 8 10 12 13 15 | 15.4
Fighting       | 4 5 6 8 9 10 | 10.7
Armour         | 3 5 6 7 8 9 |  9.2
Dodging        | 3 4 5 6 |  6.8
Shields        | 1 2 4 7 9 |  9.1
Stealth        | |  0.1

Action                   |  1- 3 |  4- 6 |  7- 9 | 10-12 || total
-------------------------+-------+-------+-------+-------++-------
Melee: Hand axe          |    66 |    90 |   230 |       ||   386
       Headbutt          |     7 |    13 |    70 |    71 ||   161
       War axe           |       |       |    66 |   308 ||   374
Invok: Berserk           |     1 |     2 |     6 |     9 ||    18
       Trog's Hand       |       |       |       |     3 ||     3
       Brothers in Arms  |       |       |       |     4 ||     4
  Use: Scroll            |       |       |       |     3 ||     3
  Eat: Chunk             |       |     5 |    14 |     8 ||    27
       Ration            |       |       |     1 |     4 ||     5
Armor: Animal skin       |     8 |       |       |       ||     8
       Ring mail         |       |    17 |    71 |    79 ||   167
Dodge: Dodged            |    47 |    32 |   121 |   114 ||   314
Block: Shield            |     2 |     9 |    46 |   119 ||   176
       Buckler           |       |     6 |    25 |    22 ||    53
       Reflection        |       |       |       |     1 ||     1
